Map: Ruins of Seras

Players

Grumm - Winner!

  • Race: Protoss Protoss
  • League: Gold

ziltoid

  • Race: Protoss Protoss
  • League: Gold

VOD

Have the link to the VOD?

Description

Time

  • Played on: Feb. 1, 2016, 11:08 p.m.
  • Length: 139:10
Show
View Real Time Build Order
Export as new Build Order

Grumm Protoss - Winner!

Build Orders:  

Get SALT Encoding   

  12  0:01  Probe (Chrono Boost)  
  13  0:12  Probe (Chrono Boost)  
  14  0:19  Pylon  
  14  0:23  Probe (Chrono Boost)  
  15  0:31  Assimilator  
  15  0:37  Probe (Chrono Boost)  
  16  0:44  Gateway  
  16  0:48  Probe (Chrono Boost)  
  17  0:58  Probe (Chrono Boost)  
  17  1:00  Assimilator  
  18  1:09  Probe (Chrono Boost)  
  19  1:15  Pylon  
  19  1:19  Probe (Chrono Boost)  
  20  1:30  Probe (Chrono Boost)  
  20  1:32  Cybernetics Core  
  21  1:41  Zealot  
  21  1:44  Probe (Chrono Boost)  
  24  1:53  Pylon  
  24  2:01  Probe (Chrono Boost)  
  25  2:14  Robotics Facility  
  25  2:16  Warp Gate (Chrono Boost)  
  25  2:29  Stalker  
  27  2:31  Probe  
  28  2:49  Forge  
  28  2:54  Pylon  
  28  2:59  Adept  
  30  3:07  Immortal (Chrono Boost)  
  34  3:23  Photon Cannon  
  34  3:26  Protoss Ground Weapons Level 1  
  34  3:44  Warp Prism (Chrono Boost)  
  37  4:10  Probe  
  37  4:16  Nexus  
  37  4:21  Pylon  
  35  4:31  Probe  
  29  4:44  Stalker  
  31  4:53  Probe  
  31  4:58  Gateway  
  32  5:00  Gateway  
  32  5:05  Probe  
  31  5:08  Stalker  
  33  5:17  Probe  
  33  5:20  Pylon  
  34  5:29  Probe  
  34  5:41  Photon Cannon  
  34  5:42  Stalker  
  36  5:55  Adept x2  
  40  6:14  Stalker  
  40  6:16  Zealot x2  
  42  6:23  Immortal (Chrono Boost)  
  46  6:31  Photon Cannon  
  45  6:42  Probe  
  45  6:43  Probe  
  46  6:52  Adept  
  48  6:55  Probe  
  48  6:58  Adept  
  51  7:07  Probe  
  46  7:18  Stalker x2  
  46  7:20  Adept  
  52  7:27  Probe  
  52  7:28  Probe  
  54  7:31  Assimilator  
  54  7:41  Stalker  
  54  7:43  Zealot  
  58  7:48  Zealot  
  52  8:30  Probe, Stalker x3  
  52  8:31  Probe  
Show
View Real Time Build Order
Export as new Build Order

ziltoid Protoss 

Build Orders: Nexus First, Oracle Opening 

Get SALT Encoding   

  12  0:01  Probe (Chrono Boost)  
  13  0:12  Probe (Chrono Boost)  
  14  0:22  Pylon  
  14  0:23  Probe (Chrono Boost)  
  15  0:40  Probe (Chrono Boost)  
  16  0:50  Probe (Chrono Boost)  
  17  1:01  Nexus  
  17  1:14  Gateway  
  17  1:20  Assimilator  
  17  1:21  Probe (Chrono Boost)  
  18  1:31  Probe (Chrono Boost)  
  18  1:32  Assimilator  
  19  1:40  Pylon  
  19  1:49  Probe (Chrono Boost)  
  20  2:00  Probe (Chrono Boost)  
  21  2:05  Cybernetics Core  
  21  2:10  Probe (Chrono Boost)  
  22  2:21  Probe (Chrono Boost)  
  23  2:24  Gateway  
  23  2:28  Pylon  
  24  2:30  Probe (Chrono Boost)  
  24  2:37  Probe (Chrono Boost)  
  25  2:47  Stargate  
  25  2:51  Probe (Chrono Boost)  
  26  2:56  Mothership Core (Chrono Boost)  
  28  2:59  Adept  
  28  3:03  Warp Gate  
  30  3:08  Probe (Chrono Boost)  
  31  3:14  Pylon  
  32  3:20  Probe (Chrono Boost)  
  32  3:30  Robotics Facility  
  32  3:38  Oracle (Chrono Boost)  
  35  3:53  Stalker (Chrono Boost)  
  37  4:07  Probe  
  21  5:02  Gateway  
  21  5:05  Immortal  
  22  5:10  Gateway  
  22  5:12  Stalker x2  
  27  5:21  Probe  
  28  5:33  Probe  
  27  5:45  Probe (Chrono Boost)  
  28  5:56  Observer  
  30  5:57  Probe (Chrono Boost)  
  30  6:07  Probe (Chrono Boost)  
  30  6:18  Probe (Chrono Boost)  
  29  6:22  Stalker x3  
  35  6:28  Probe (Chrono Boost)  
  36  6:39  Probe (Chrono Boost)  
  37  6:50  Probe (Chrono Boost)  
  38  7:00  Probe (Chrono Boost)  
  37  7:11  Probe (Chrono Boost)  
  38  7:21  Probe (Chrono Boost)  
  39  7:25  Pylon  
  39  7:26  Pylon x2  
  39  7:43  Probe (Chrono Boost)  
  40  7:46  Immortal (Chrono Boost)  
  44  7:54  Probe  
  44  7:58  Stalker x2  
  45  8:06  Probe  
  33  8:19  Probe  
Tags
 
Add a new tag
Caveats
  • Supply blocks, unpowered buildings, or Contaminate may cause inaccurate times.
  • Supply counts are checked every 10 seconds.